 Dungeon Crawl Stone Soup version 0.29-a0-559-g359e09b9d1 (webtiles) character file.

Game seed: 6059192537419563199

14027 siradein the Fighter (level 11, -3/151 HPs)
             Began as a Red Draconian Berserker on June 10, 2022.
             Was a High Priest of Trog.
             Slain by a cyclops (16 damage)
             ... on level 11 of the Dungeon.
             The game lasted 00:38:37 (10013 turns).

siradein the Fighter (Red Draconian Berserker)     Turns: 10013, Time: 00:38:38

Health: -3/151     AC: 13    Str: 26    XL:     11   Next: 83%
Magic:  11/11      EV: 15    Int:  8    God:    Trog [*****.]
Gold:   835        SH: 13    Dex: 16    Spells: 10/10 levels left

rFire   + . .      SeeInvis .   x - +2 spear (freeze)
rCold   . . .      Faith    .   y - +2 kite shield
rNeg    . . .      Spirit   .   (body armour unavailable)
rPois   .          Reflect  .   (helmet restricted)
rElec   +          Harm     .   q - +1 cloak
rCorr   .          Rampage  .   (no gloves)
Will    .....                   (no boots)
Stlth   ..........              u - amulet "Tomoyb Ekha" {rElec Regen+ Str+2}
HPRegen 1.15/turn               H - +6 ring of dexterity
MPRegen 0.12/turn               C - +4 ring of protection

@: berserking, short of breath, very quick
A: breathe fire, AC +7, unfitting armour, fire resistance 1, cold-blooded
a: Breathe Fire, Renounce Religion, Berserk, Trog's Hand, Brothers in Arms


You were on level 11 of the Dungeon.
You worshipped Trog.
Trog was extremely pleased with you.
You visited 1 branch of the dungeon, and saw 11 of its levels.

You collected 835 gold pieces.

Inventory:

Hand Weapons
 x - a +2 spear of freezing (weapon)
 E - the +8 rapier of Ascent {elec, rC- rN++ Str+2 Int+7}
   (You found it on level 5 of the Dungeon)

   It occasionally discharges a powerful burst of electricity upon striking a
   foe.
   Str:       It affects your strength (+2).
   Int:       It affects your intelligence (+7).
   rC:        It makes you vulnerable to cold.
   rN:        It greatly protects you from negative energy.
Missiles
 k - 2 throwing nets
 r - 287 stones (quivered)
 F - 5 silver boomerangs
 G - 11 boomerangs
Armour
 q - a +1 cloak (worn)
 y - a +2 kite shield (worn)
Jewellery
 e - a ring of ice
 u - the amulet "Tomoyb Ekha" (around neck) {rElec Regen+ Str+2}
   (You found it on level 4 of the Dungeon)

   [amulet of regeneration]

   Str:       It affects your strength (+2).
   rElec:     It insulates you from electricity.
   Regen:     It increases your rate of health regeneration.
 A - a ring of ice
 C - a +4 ring of protection (right hand)
 H - a +6 ring of dexterity (left hand)
 J - the amulet "Nivval" {RegenMP Dex+2}
   (You found it on level 8 of the Dungeon)

   [amulet of magic regeneration]

   It increases your rate of magic regeneration.
   Dex:       It affects your dexterity (+2).
Wands
 j - a wand of iceblast (9)
 I - a wand of acid (7)
 L - a wand of mindburst (21)
Scrolls
 b - 7 scrolls of teleportation {unknown}
 c - 2 scrolls of vulnerability {unknown}
 m - 2 scrolls of fear {unknown}
 o - 2 scrolls of blinking {unknown}
 p - a scroll of summoning {unknown}
 s - a scroll of immolation {unknown}
 t - a scroll of acquirement {unknown}
 v - 4 scrolls of poison
Potions
 a - 4 potions of attraction
 d - 7 potions of curing
 f - a potion of heal wounds
 g - a potion of cancellation {unknown}
 h - 5 potions of flight
 i - 3 potions of might
 l - 2 potions of resistance
 n - 3 potions of degeneration {unknown}
 w - 2 potions of lignification {unknown}
 D - 2 potions of haste {unknown}
 K - a potion of magic {unknown}


   Skills:
 + Level 10.5 Fighting
 + Level 9.6 Polearms
 + Level 7.9 Throwing
 + Level 8.8 Dodging
 + Level 7.2 Shields


You had 10 spell levels left.
You didn't know any spells.
Your spell library was empty.

Dungeon Overview and Level Annotations

Branches:
Dungeon (11/15)            Temple (0/1) D:7            Lair (0/6) D:8
    Orc (0/2) D:9

Altars:
Dithmenos
Okawaru
Ru
Zin

Shops:
D:10 :


Innate Abilities, Weirdness & Mutations

You can breathe blasts of fire.
Your fiery red scales are hard. (AC +7)
You cannot fit into any form of body armour.
Your flesh is heat resistant. (rF+)
You are cold-blooded and may be slowed by cold attacks.


Message History

You hit the boulder beetle but do no damage.
You tail-slap the boulder beetle, but do no damage.
The boulder beetle is moderately wounded.
You hit the boulder beetle. You freeze the boulder beetle.
Your tail-slap misses the boulder beetle.
The boulder beetle is moderately wounded.
The boulder beetle is engulfed in blazing flames.
The boulder beetle bites you!
* * * LOW HITPOINT WARNING * * *
You hear a shout!
A red film seems to cover your vision as you go berserk!
You feel yourself moving faster!
You feel mighty! You block the boulder beetle's attack.
You hit the boulder beetle. You freeze the boulder beetle.
You tail-slap the boulder beetle, but do no damage.
The boulder beetle is heavily wounded.
The boulder beetle barely misses you.
You puncture the boulder beetle! You freeze the boulder beetle.
The boulder beetle is severely wounded.
You hit the boulder beetle. You freeze the boulder beetle.
You tail-slap the boulder beetle.
The boulder beetle is severely wounded.
The boulder beetle bites you!!
* * * LOW HITPOINT WARNING * * *
You puncture the boulder beetle! You freeze the boulder beetle.
The boulder beetle is almost dead.
You hit the boulder beetle. You freeze the boulder beetle.
The boulder beetle is almost dead.
The wraith misses you. The boulder beetle bites you.
* * * LOW HITPOINT WARNING * * *
You puncture the boulder beetle! You freeze the boulder beetle.
You kill the boulder beetle!
Trog accepts your kill.
You barely miss the wraith. The wraith misses you.
A cyclops comes into view.
You barely miss the wraith.
Your tail-slap misses the wraith.
You puncture the wraith! You freeze the wraith.
The wraith is heavily damaged.
The wraith barely misses you. The cyclops hits you!
You die...

.###### ## #
.[....†######## .#
#..########C....... .#
#.........@W....... .#
########.#.........#. .#
#..................#.
.####.########.....>..<..
......# #.........##
####### #.........#
#........... #.........##
##..###.###


You could see a cyclops and a wraith.

Vanquished Creatures
  A boulder beetle (D:11)
  Erolcha (D:9)
  A two-headed ogre (D:10)
  A centaur warrior (D:9)
  Pikel (D:7)
  An ugly thing (D:7)
  The ghost of Strat the Shield-Bearer, a novice OpGl of Gozag (D:6)
  Joseph (D:7)
  The ghost of valliere the Shield-Bearer, a novice GnFi of Ashenzari (D:5)
  A gargoyle (D:10)
  An unseen horror (D:10)
  Maggie (D:7)
  A komodo dragon (D:9)
  A troll (shapeshifter) (D:11)
  A troll (D:8)
  A hornet (D:9)
  A vampire (D:7)
  7 yaks
  Eustachio (D:6)
  2 humans (D:7)
  4 steam dragons
  2 vampire mosquitoes (D:9)
  2 wargs (D:8)
  An acid dragon (D:10)
  An ice beast (D:7)
  11 orc warriors
  A black bear (D:5)
  A sky beast (D:8)
  4 ogres
  4 centaurs
  3 lemures (D:7)
  2 phantoms
  3 kobold brigands
  2 bullfrogs
  3 necrophages
  4 gnoll sergeants
  4 scorpions
  7 wights (D:8)
  A water moccasin skeleton (D:5)
  5 killer bees (D:8)
  5 howler monkeys
  4 quasits (D:6)
  4 jellies
  5 hounds
  11 orc priests
  A centaur skeleton (D:5)
  5 iguanas
  12 orc wizards
  A mummy (D:5)
  12 gnolls
  A howler monkey skeleton (D:5)
  5 adders
  2 ufetubi
  6 worms
  4 dart slugs
  57 orcs
  5 endoplasms
  5 giant cockroaches
  2 goblins
  5 hobgoblins
  6 jackals (D:3)
  2 quokkas
  4 ball pythons
  5 bats
  6 frilled lizards
  6 kobolds
  3 rats
276 creatures vanquished.

Vanquished Creatures (others)
  A bullfrog (D:7)
  An orc (D:9)
2 creatures vanquished.

Grand Total: 278 creatures vanquished

Notes
Turn   | Place    | Note
-------+----------+-------------------------------------------
     0 | D:1      | siradein the Draconian Berserker began the quest for the
                  | Orb.
     0 | D:1      | Reached XP level 1. HP: 19/19 MP: 1/1
   365 | D:1      | Reached XP level 2. HP: 25/26 MP: 2/2
   960 | D:2      | Reached ** piety under Trog
   961 | D:2      | Reached XP level 3. HP: 22/33 MP: 3/3
  1161 | D:2      | Found a faded altar of an unknown god.
  1894 | D:3      | Reached skill level 4 in Fighting
  2045 | D:3      | Reached XP level 4. HP: 35/40 MP: 4/4
  2293 | D:4      | Noticed a phantom
  2313 | D:4      | Killed a phantom
  2314 | D:4      | Reached skill level 1 in Throwing
  2314 | D:4      | Reached XP level 5. HP: 44/47 MP: 5/5
  2337 | D:4      | Noticed an ogre
  2341 | D:4      | Killed an ogre
  2392 | D:4      | Reached XP level 6. HP: 50/53 MP: 6/6
  2799 | D:4      | Identified the amulet "Tomoyb Ekha" {rElec Regen+ Str+2}
  2902 | D:5      | Entered Level 5 of the Dungeon
  2914 | D:4      | Reached skill level 5 in Fighting
  2985 | D:5      | Your scales start taking on a fiery red colour.
  2985 | D:5      | Reached XP level 7. HP: 61/61 MP: 7/7
  2985 | D:5      | Gained mutation: Your flesh is heat resistant. (rF+) [Red
                  | Draconian growth]
  3036 | D:5      | Reached skill level 5 in Polearms
  3077 | D:5      | HP: 2/61 [acid (7)]
  3258 | D:5      | Found a transporter.
  3260 | D:5      | Noticed valliere's ghost (novice GnFi)
  3264 | D:5      | Found a transporter.
  3784 | D:5      | Reached skill level 6 in Fighting
  3784 | D:5      | Reached skill level 5 in Dodging
  3892 | D:5      | Found a large runed translucent door.
  3893 | D:5      | Found a large runed translucent door.
  3914 | D:5      | Found a sacrificial altar of Ru.
  3919 | D:5      | Found a shadowy altar of Dithmenos.
  3960 | D:6      | Reached *** piety under Trog
  3973 | D:6      | Reached XP level 8. HP: 70/70 MP: 8/8
  4080 | D:6      | Noticed Eustachio
  4265 | D:6      | Killed Eustachio
  4476 | D:6      | Found a transporter.
  4499 | D:6      | Found a transporter.
  4500 | D:6      | Noticed Strat's ghost (novice OpGl)
  4923 | D:7      | Noticed Pikel
  4968 | D:7      | Noticed Maggie
  4993 | D:7      | Killed Pikel
  4994 | D:7      | Reached skill level 7 in Fighting
  5020 | D:7      | Killed Maggie
  5021 | D:7      | Reached XP level 9. HP: 22/79 MP: 9/9
  5177 | D:7      | Noticed a green ugly thing
  5219 | D:7      | Killed a green ugly thing
  5220 | D:7      | Reached skill level 5 in Throwing
  5472 | D:7      | Noticed Joseph
  5494 | D:7      | Killed Joseph
  5541 | D:7      | Reached skill level 8 in Fighting
  5603 | D:7      | Found an iron altar of Okawaru.
  5647 | D:7      | Found a staircase to the Ecumenical Temple.
  5953 | D:7      | Reached XP level 10. HP: 88/88 MP: 10/10
  6006 | D:7      | Reached **** piety under Trog
  6277 | D:5      | Killed valliere's ghost
  6320 | D:5      | Identified the +8 rapier of Ascent {elec, rC- rN++ Str+2
                  | Int+7}
  6913 | D:6      | Killed Strat's ghost
  7026 | D:8      | Reached skill level 5 in Shields
  7209 | D:8      | Found a staircase to the Lair.
  7247 | D:8      | Reached skill level 9 in Fighting
  7262 | D:8      | Identified the amulet "Nivval" {RegenMP Dex+2}
  8030 | D:9      | Found a staircase to the Orcish Mines.
  8198 | D:9      | Reached ***** piety under Trog
  8221 | D:9      | Reached XP level 11. HP: 88/96 MP: 11/11
  8395 | D:9      | Noticed a centaur warrior
  8406 | D:9      | Killed a centaur warrior
  8528 | D:9      | Found a glowing silver altar of Zin.
  8560 | D:9      | Noticed Erolcha
  8573 | D:9      | Killed Erolcha
  8766 | D:9      | Reached skill level 10 in Fighting
  8978 | D:10     | Entered Level 10 of the Dungeon
  8993 | D:10     | Found Ymidanaq's Book Emporium.
  9166 | D:10     | Received a gift from Trog
  9549 | D:10     | Noticed a two-headed ogre
  9556 | D:10     | Killed a two-headed ogre
  9994 | D:11     | Noticed a boulder beetle
 10010 | D:11     | Killed a boulder beetle
 10013 | D:11     | Slain by a cyclops

Illustrated notes

Levels and vault maps discovered:
D:1:      matt_arrival_spirals, layout_basic, minivault_25,
          minmay_indecisive_spiral
D:2:      layout_rooms, hellmonk_ecumenical_altar_slurped_away
D:3:      layout_basic
D:4:      layout_rooms, serial_corexii_hall, corexii_hall_statues_i,
          chequers_hall_statues_y
D:5:      layout_layer_cave, jmf_multi_god_temple2, gammafunk_ghost_mausoleum
D:6:      layout_loops_ring, gammafunk_ghost_stat_death, uniq_eustachio
D:7:      hangedman_cross_stitches, layout_loops_corners, okawaru_humans,
          minmay_temple_entry_statues_fountains, minmay_misc_feat_five,
          uniq_pikel, uniq_maggie, uniq_joseph
D:8:      layout_loops_ring, erik_lair_orcish_takeover
D:9:      layout_big_octagon, mainiacjoe_overflow_chevrons,
          kennysheep_orc_monster_closet_entryway,
          amcnicky_mini_rare_corridor_liquid, uniq_erolcha
D:10:     layout_roguey [special_room_orc], serial_shops, nicolae_shop_trees
D:11:     minmay_distorted_concentric_squares, layout_loops_cross,
          patterned_corridor, uniq_psyche

Skill      XL: |  1  2  3  4  5  6  7  8  9 10 11 |
---------------+----------------------------------+-----
Dodging        | 3 4 5 6 7 8 |  8.8
Fighting       | 4 5 6 7 8 9 10 | 10.5
Polearms       | 4 5 6 7 8 9 |  9.6
Throwing       | 1 2 3 4 5 6 7 |  7.9
Shields        | 2 4 5 7 |  7.2

Action                   |  1- 3 |  4- 6 |  7- 9 | 10-12 || total
-------------------------+-------+-------+-------+-------++-------
Melee: Spear             |   165 |    19 |   150 |   618 ||   952
       Tailslap          |    20 |     9 |    21 |    82 ||   132
       Punch             |     1 |       |       |       ||     1
       Halberd           |       |    95 |    52 |       ||   147
Throw: Stone             |       |       |    25 |     7 ||    32
Invok: Berserk           |       |     1 |     3 |     3 ||     7
 Abil: Breathe Fire      |       |       |    27 |    40 ||    67
  Use: Potion            |       |       |     4 |       ||     4
       Scroll            |       |       |       |     7 ||     7
 Stab: Sleeping          |     4 |       |     2 |       ||     6
Armor: Skin              |    30 |    38 |    43 |   193 ||   304
Dodge: Dodged            |    57 |    80 |    91 |   263 ||   491
Block: Kite shield       |       |       |    52 |   319 ||   371

Table legend: (Time is in decaauts)
 A = Elapsed time spent in this place.
 B = Non-inter-level travel time spent in this place.
 C = Inter-level travel time spent in this place.
 D = Time resting spent in this place.
 E = Time spent auto-exploring this place.
 F = Levels seen in this place.
 G = Mean time per level.
                   A        B        C        D        E       F      G
               +--------+--------+--------+--------+--------+-----+--------+
         Total |   9975 |   9381 |    594 |    521 |   6613 |  11 |  906.8 |
       Dungeon |   9975 |   9381 |    594 |    521 |   6613 |  11 |  906.8 |
               +--------+--------+--------+--------+--------+-----+--------+

Top non-repeatable levels by time:
     D:7: 1495 daAuts
     D:5: 1295 daAuts
     D:6: 1084 daAuts
     D:8: 1073 daAuts
    D:10: 901 daAuts
     D:1: 888 daAuts
     D:9: 877 daAuts
     D:3: 870 daAuts
     D:4: 765 daAuts
     D:2: 626 daAuts
    D:11: 95 daAuts
